 Dungeon Crawl Stone Soup version 0.32-a0-791-gfc315c9ecd (webtiles) character file.

Game seed: 458014270968065445

9265 zenocrate the Martial Artist (level 11, -1/67 HPs)
             Began as an Octopode Earth Elementalist on Mar 20, 2024.
             Was an Initiate of Gozag.
             Slain by a yak (8 damage)
             ... on level 10 of the Dungeon.
             The game lasted 00:14:59 (10846 turns).

zenocrate the Martial Artist (OpEE)                Turns: 10846, Time: 00:15:00

Health: -1/67      AC:  5    Str: 13    XL:     11   Next: 43%
Magic:  5/18       EV: 15    Int: 21    God:    Gozag
Gold:   1225       SH:  0    Dex: 26    Spells: 0/19 levels left

rFire   . .          .
                       - Unarmed
rCold   + . .        (no shield)
rNeg    + . .        (helmet currently unavailable)
rPois   +            K - amulet of regeneration
rElec   .            k - +6 ring of dexterity
rCorr   .            n - +4 ring of protection
SInv    .            o - ring of protection from cold
Will    .....        x - ring of positive energy
Stlth   +++++        b - +6 ring of dexterity
HPRegen 1.11/turn    C - +6 ring of strength
MPRegen 0.16/turn    d - ring of poison resistance
                     (no ring)

%: no passive effects
@: beast-form, very slightly contaminated
A: beast (slay +4), almost no armour, amphibious, 8 rings, camouflage 1,
gelatinous body 1, (nimble swimmer 1), tentacles
a: Begin Untransformation, Renounce Religion, Potion Petition, Call Merchant,
Bribe Branch


You were on level 10 of the Dungeon.
You worshipped Gozag.
Gozag was most pleased with you.
You were a hulking beast.
You visited 2 branches of the dungeon, and saw 11 of its levels.
You also visited: Ossuary and Bailey.

You collected 1925 gold pieces.
You spent 520 gold pieces at shops.
You paid 180 gold pieces to Gozag.

Inventory:

Armour
 J - a +2 kite shield
Magical Staves
 a - a staff of earth
 f - a staff of cold
 i - a staff of air
 D - a staff of conjuration
 G - a staff of fire
Jewellery
 b - a +6 ring of dexterity (on tentacle)
 d - a ring of poison resistance (on tentacle)
 k - a +6 ring of dexterity (left tentacle)
 n - a +4 ring of protection (right tentacle)
 o - a ring of protection from cold (on tentacle)
 v - an amulet of magic regeneration
 x - a ring of positive energy (on tentacle)
 C - a +6 ring of strength (on tentacle)
 K - an amulet of regeneration (around mantle)
Talismans
 s - a dragon-blood talisman
 w - a beast talisman (active)
Wands
 y - a wand of flame (26)
Scrolls
 l - 4 scrolls of teleportation
 m - a scroll of immolation
 r - a scroll of revelation
 u - a scroll of blinking
 A - a scroll of enchant weapon {unknown}
 B - a scroll of poison
 E - 2 scrolls of fear {unknown}
 I - a scroll of silence
 N - a scroll of fog {unknown}
 O - a scroll of vulnerability
Potions
 c - a potion of haste
 e - a potion of heal wounds
 h - a potion of magic
 j - 2 potions of brilliance
 p - 2 potions of might
 q - 2 potions of curing
 t - 3 potions of berserk rage {unknown}
 z - a potion of invisibility {unknown}
 F - 3 potions of ambrosia {unknown}
 H - a potion of cancellation {unknown}
 M - a potion of mutation {unknown}
Miscellaneous
 L - a lightning rod (2/4)


   Skills:
 + Level 3.0 Fighting
 + Level 4.2 Dodging
 - Level 7.8 Stealth
 * Level 11.0 Unarmed Combat
 - Level 4.9 Spellcasting
 - Level 1.9 Conjurations
 - Level 3.4 Earth Magic
 + Level 4.1 Evocations
 + Level 8.5 Shapeshifting


You couldn't memorise any spells.
You knew the following spells:

 Your Spells              Type           Power      Damage    Failure   Level
a - Stone Arrow           Conj/Erth      32%        3d9       11%         3
b - Petrify               Alch/Erth      12%        N/A       47%         4
c - Sandblast             Erth           38%        2d10      2%          1
d - Lehudib's Crystal Sp  Conj/Erth      8%         10d3      100%        8
z - Passwall              Erth           19%        N/A       8%          3

Your spell library contained the following spells:

 Spells                   Type           Power      Damage    Failure   Level
 Magic Dart               Conj           52%        1d5       4%          1
 Searing Ray              Conj           26%        2d5       8%          2
 Summon Small Mammal      Summ           20%        N/A       11%         1
 Call Canine Familiar     Summ           5%         N/A       32%         3
 Volatile Blastmotes      Fire/Tloc      10%        2d10      32%         3
 Brom's Barrelling Bould  Conj/Erth      16%        2d4       34%         4
 Fulminant Prism          Conj/Alch      4%         3d5       58%         4
 Iskenderun's Mystic Bla  Conj/Tloc      9%         2d4       58%         4
 Summon Blazeheart Golem  Fire/Summ      5%         N/A       73%         4
 Animate Armour           Summ/Erth      Unusable   N/A       N/A         4

Dungeon Overview and Level Annotations

Branches:
Dungeon (10/15)            Temple (1/1) D:6         Ossuary (visited)
 Bailey (visited)
   Lair: D:8-11         Orc: D:9-12

Altars:
Ashenzari
Cheibriados
Dithmenos
Elyvilon
Fedhas
Gozag
Hepliaklqana
Kikubaaqudgha
Makhleb
Nemelex Xobeh
Okawaru
Qazlal
Ru
Sif Muna
Trog
Uskayaw
Vehumet
Wu Jian
Xom
Yredelemnul
Zin
The Shining One

Shops:
D:7 (   D:9 *

Annotations:
D:4 2 runed translucent doors, Jefftoothebobb's ghost, weakling DsBr
D:7 1 runed translucent door, Doorstop00's ghost, novice MiBe
D:10 Snorg


Innate Abilities, Weirdness & Mutations

You are a hulking beast.
Your limbs bulge with bestial killing power. (Slay +4)
You cannot wear most types of armour.
You are amphibious.
You can wear up to eight rings at the same time.
Your skin changes colour to match your surroundings (Stealth+).
Your rubbery body absorbs attacks. (AC +1, EV +1)
((You are camouflaged when in or above water. (Stealth+)))
You have tentacles for arms and can constrict up to eight enemies at once.


Message History

Snorg bites you. Snorg closely misses you. x2
Casting: Stone Arrow (dangerous; 11% risk of failure)
Confirm with . or Enter, or press ? or * to list all spells.
Aiming: Stone Arrow (dangerous; 11% risk of failure)
Press: ? - help, Shift-Dir - straight line, f/p - Snorg
Aim: Snorg (severely wounded, berserk, 68% to hit)
The stone arrow misses Snorg.
The yak snorts and paws the ground.
A yak comes into view.
Snorg barely misses you. x2; Snorg claws you.
Snorg attacks as she pursues you! Snorg bites you! Snorg barely misses you.
Snorg claws you. The yak attacks as it pursues you! The yak barely misses you.
The yak attacks as it pursues you! The yak barely misses you. Snorg misses you.
Snorg claws you. x2
Aiming: Thunderbolt
Press: ? - help, Shift-Dir - straight line, f/p - Snorg
Aim: Snorg (heavily wounded, berserk)
The thunderbolt hits Snorg!
Snorg is severely wounded.
You hear a shout!
You hear a bellow!
You hear a shout! x2
The yak gores you but does no damage. Snorg barely misses you.
Snorg completely misses you. Snorg barely misses you.
The yak closely misses you.
Unknown command.
Unknown command.
Aiming: Thunderbolt
Press: ? - help, Shift-Dir - straight line, f/p - Snorg
Aim: Snorg (severely wounded, berserk)
The thunderbolt hits Snorg!!
Snorg is almost dead.
You hear a bellow!
You hear a shout!
Snorg bites you!!
* * * LOW HITPOINT WARNING * * *
Snorg misses you. Snorg claws you but does no damage.
A yak comes into view.
The yak gores you!
* * * LOW HITPOINT WARNING * * *
The yak gores you!
You die...
Your body crumbles into a pile of gold.

##### ....# ###. ....#
############.OY
....######..........Y.#
....#.....<...........##
....'.####.......Y.Y...#
....### #......YY....#
....# #......hT....#
...<# #............#
##### #####.######## .#
#..# .# #.## .# .. .####
#.# ....# .. .......
###'###
##+###############.......


You could see Snorg (berserk), a two-headed ogre and 6 yaks.

Vanquished Creatures
  Erica (D:8)
  2 two-headed ogres
  A manticore (D:7)
  Maggie (D:8)
  2 trolls
  3 wyverns
  3 yaks (D:10)
  3 steam dragons
  2 water moccasins
  2 black bears
  6 orc warriors
  2 sky beasts (D:7)
  2 ogres
  4 centaurs
  A phantom (D:7)
  2 kobold brigands
  3 bullfrogs
  A gnoll sergeant (D:8)
  3 scorpions (D:6)
  17 wights
  20 killer bees
  4 howler monkeys
  7 orc priests
  Crazy Yiuf (D:2)
  A gnoll bouda (D:7)
  3 hounds
  2 jellies
  Ijyb (D:4)
  An iguana (D:7)
  8 orc wizards
  8 mummies (Ossuary)
  22 gnolls
  7 adders
  A white imp (D:6)
  2 ufetubi (D:6)
  2 dart slugs
  2 ribbon worms
  43 orcs
  7 ball pythons
  7 endoplasms
  2 giant cockroaches
  A gnoll zombie (Ossuary)
  9 goblins
  6 hobgoblins
  10 jackals
  15 kobolds
  A quokka (D:1)
  3 bats
  4 frilled lizards
  3 hobgoblin zombies (Ossuary)
  A kobold zombie (Ossuary)
  3 orc zombies (Ossuary)
  10 rats
278 creatures vanquished.

Notes
Turn   | Place    | Note
-------+----------+-------------------------------------------
     0 | D:1      | zenocrate the Octopode Earth Elementalist began the quest
                  | for the Orb.
     0 | D:1      | Reached XP level 1. HP: 11/11 MP: 3/3
   133 | D:1      | Reached XP level 2. HP: 14/17 MP: 1/5
   609 | D:1      | Reached XP level 3. HP: 22/22 MP: 4/6
   751 | D:1      | Learned a level 3 spell: Stone Arrow
  1332 | D:2      | Found a runed translucent door.
  1333 | D:2      | Noticed Crazy Yiuf
  1666 | D:2      | HP: 1/22 [Crazy Yiuf/+3 quarterstaff of chaos (13)]
  1667 | D:2      | Killed Crazy Yiuf
  1668 | D:2      | Reached skill level 1 in Fighting
  1668 | D:2      | Reached skill level 1 in Evocations
  1668 | D:2      | Reached XP level 4. HP: 2/28 MP: 1/7
  1934 | D:3      | Reached XP level 5. HP: 13/33 MP: 2/8
  2299 | D:3      | Found a shadowy altar of Dithmenos.
  2389 | D:3      | Learned a level 3 spell: Passwall
  2737 | D:4      | Noticed an ogre
  2743 | D:4      | Killed an ogre
  2744 | D:4      | Reached skill level 1 in Unarmed Combat
  2744 | D:4      | Reached skill level 1 in Shapeshifting
  2744 | D:4      | Reached XP level 6. HP: 38/38 MP: 7/9
  2832 | D:4      | Found a sand-covered staircase.
  2841 | Ossuary  | Entered an ossuary
  2888 | Ossuary  | Reached skill level 2 in Unarmed Combat
  3138 | D:4      | Noticed Ijyb
  3144 | D:4      | Killed Ijyb
  3254 | D:4      | Found a runed translucent door.
  3255 | D:4      | Noticed Jefftoothebobb's ghost (weakling DsBr)
  3490 | D:4      | Reached skill level 3 in Unarmed Combat
  3490 | D:4      | Reached XP level 7. HP: 39/43 MP: 10/10
  3505 | D:4      | Found a runed translucent door.
  3880 | D:5      | Entered Level 5 of the Dungeon
  4147 | D:5      | Reached skill level 4 in Unarmed Combat
  4485 | D:5      | Reached XP level 8. HP: 21/48 MP: 11/11
  4901 | D:6      | Reached skill level 5 in Stealth
  4901 | D:6      | Reached skill level 5 in Unarmed Combat
  5091 | D:6      | Noticed a wyvern
  5098 | D:6      | Killed a wyvern
  5518 | D:6      | Reached skill level 6 in Unarmed Combat
  5524 | D:6      | Reached skill level 5 in Shapeshifting
  5524 | D:6      | Reached XP level 9. HP: 36/53 MP: 5/12
  5678 | D:6      | Found a hide-covered altar of Uskayaw.
  5751 | D:6      | Found a staircase to the Ecumenical Temple.
  5757 | Temple   | Entered the Ecumenical Temple
  5764 | Temple   | Became a worshipper of Gozag Ym Sagoz the Greedy
  6152 | D:7      | Noticed a manticore
  6170 | D:7      | Killed a manticore
  6318 | D:6      | Reached skill level 7 in Unarmed Combat
  6763 | D:7      | Found a runed translucent door.
  6775 | D:7      | Noticed Doorstop00's ghost (novice MiBe)
  6930 | D:7      | Reached XP level 10. HP: 59/59 MP: 10/16
  7008 | D:7      | Found Ruasic's Weapon Shoppe.
  7019 | D:7      | Reached skill level 8 in Unarmed Combat
  8034 | D:8      | Noticed Maggie
  8040 | D:8      | Killed Maggie
  8071 | D:8      | Noticed Erica
  8092 | D:8      | Killed Erica
  8093 | D:8      | Reached skill level 9 in Unarmed Combat
  8549 | D:8      | Learned a level 4 spell: Petrify
  8593 | D:9      | Found Uhaduil's Elemental Accessories.
  8621 | D:9      | Noticed a two-headed ogre
  8631 | D:9      | Killed a two-headed ogre
  8632 | D:9      | Reached skill level 10 in Unarmed Combat
  8634 | D:9      | Found a flagged portal.
  8646 | Bailey   | Entered a bailey
  8884 | Bailey   | Reached XP level 11. HP: 48/63 MP: 18/18
  9320 | Bailey   | Learned a level 8 spell: Lehudib's Crystal Spear
 10161 | D:9      | Bought a lightning rod (4/4) for 520 gold pieces
 10175 | D:10     | Entered Level 10 of the Dungeon
 10217 | D:10     | Noticed a two-headed ogre
 10225 | D:10     | Killed a two-headed ogre
 10386 | D:10     | Reached skill level 11 in Unarmed Combat
 10825 | D:10     | Noticed Snorg
 10842 | D:10     | Noticed a two-headed ogre
 10846 | D:10     | Slain by a yak

Illustrated notes

Levels and vault maps discovered:
D:1:      lightli_arrival_statuegarden, layout_loops_cross
D:2:      layout_loops_ring, grunt_decor_mini_mirrors, uniq_crazy_yiuf_cottage
D:3:      layout_loops_ring, grunt_dithmenos_smoke_and_mirrors
D:4:      layout_loops_cross, mainiacjoe_ossuary_entry_dusty_tomb,
          ebering_ghost_sewer_f, nicolae_houndstooth_variations, uniq_ijyb
D:5:      layout_gridville, serial_rivers, chequers_serial_rivers_marsh,
          chequers_serial_rivers_small_a, chequers_serial_rivers_micro_a,
          chequers_serial_rivers_large_b, chequers_serial_rivers_micro_d
D:6:      layout_gridville, nicolae_uskayaw_dance_studio, temple_statues
D:7:      layout_gridville, ebering_ghost_reflecting_pool, serial_rivers,
          chequers_serial_rivers_small_a, chequers_serial_rivers_room_a,
          chequers_serial_rivers_micro_c, chequers_serial_rivers_micro_d,
          chequers_serial_rivers_micro_d, serial_shops, nicolae_lakefront_shop
D:8:      cheibrodos_quashed, layout_basic, hangedman_abyss_or_decor_stabs,
          uniq_maggie, uniq_erica
D:9:      layout_loops_cross, enter_bailey_5, nicolae_elemental_shop
D:10:     layout_roguey, erik_orc_1, uniq_snorg
Temple:   nicolae_temple_bog_church

Skill      XL: |  1  2  3  4  5  6  7  8  9 10 11 |
---------------+----------------------------------+-----
Stealth        | 3 4 7 |  7.8
Fighting       | 1 3 |  3.0
Evocations     | 1 2 3 4 |  4.1
Dodging        | 3 4 |  4.2
Unarmed Combat | 1 3 4 6 7 10 11 | 11.0
Shapeshifting  | 1 2 3 5 6 8 |  8.5
Spellcasting   | 4 |  4.9
Conjurations   | |  1.9
Earth Magic    | |  3.4

Action                     |  1- 3 |  4- 6 |  7- 9 | 10-12 || total
---------------------------+-------+-------+-------+-------++-------
  Melee: Unarmed           |    19 |    12 |   134 |   154 ||   319
         Constrict         |    15 |    27 |    43 |    37 ||   122
         Staff             |    30 |    77 |     7 |    21 ||   135
         Tentacles         |     7 |    24 |    29 |    44 ||   104
         Punch             |       |       |     3 |    11 ||    14
   Cast: Sandblast         |    17 |    38 |    12 |       ||    67
         Stone Arrow       |     1 |     1 |    39 |    87 ||   128
  Evoke: Wand              |       |       |     6 |     2 ||     8
         Lightning rod     |       |       |       |     2 ||     2
    Use: Scroll            |       |    10 |     3 |     4 ||    17
         Potion            |       |       |     5 |     3 ||     8
   Stab: Sleeping          |    13 |     7 |     5 |     7 ||    32
         Distracted        |       |     1 |       |     2 ||     3
         Invisible         |       |       |       |     4 ||     4
 Armour: Skin              |    23 |    32 |    92 |   221 ||   368
  Dodge: Dodged            |    26 |    61 |   102 |   144 ||   333
   Form: Beast             |       |     1 |       |       ||     1

Table legend: (Time is in decaauts)
 A = Elapsed time spent in this place.
 B = Non-inter-level travel time spent in this place.
 C = Inter-level travel time spent in this place.
 D = Time resting spent in this place.
 E = Time spent auto-exploring this place.
 F = Levels seen in this place.
 G = Mean time per level.
                   A        B        C        D        E       F      G
               +--------+--------+--------+--------+--------+-----+--------+
         Total |  10863 |  10566 |    297 |     28 |   8636 |  13 |  835.6 |
       Dungeon |   9862 |   9567 |    295 |     28 |   7890 |  10 |  986.2 |
        Temple |     19 |     18 |      1 |      0 |      0 |   1 |   19.0 |
       Ossuary |    300 |    300 |      0 |      0 |    181 |   1 |  300.0 |
        Bailey |    681 |    681 |      0 |      0 |    565 |   1 |  681.0 |
               +--------+--------+--------+--------+--------+-----+--------+

Top non-repeatable levels by time:
     D:6: 1610 daAuts
     D:8: 1231 daAuts
     D:2: 1034 daAuts
     D:5: 981 daAuts
     D:4: 969 daAuts
     D:9: 916 daAuts
     D:7: 836 daAuts
     D:3: 836 daAuts
     D:1: 785 daAuts
  Bailey: 681 daAuts
    D:10: 660 daAuts
 Ossuary: 300 daAuts
  Temple: 19 daAuts
